 Dungeon Crawl Stone Soup version 0.24.0-29-g8ce449bc06 (console) character file.

Game seed: 9379135820292706444, levelgen mode: deterministic

123 Cab the Grave Robber (level 4, 0/30 HPs)
             Began as a Mummy Necromancer on Nov 14, 2019.
             Killed from afar by an orc wizard (9 damage)
             ... with a magic dart
             ... on level 2 of the Dungeon.
             The game lasted 00:09:16 (2992 turns).

Cab the Grave Robber (Mummy Necromancer)            Turns: 2992, Time: 00:09:17

Health: 0/30       AC:  6    Str: 11    XL:     4   Next: 79%
Magic:  2/8        EV: 11    Int: 15    God:
Gold:   230        SH:  0    Dex: 12    Spells: 1/9 levels left

rFire    x . .     SeeInvis .   e - +3 dagger
rCold    + . .     Gourm    .   (no shield)
rNeg     + + +     Faith    .   h - +0 leather armour
rPois    ∞         Spirit   .   (no helmet)
rElec    .         Reflect  .   (no cloak)
rCorr    .         Harm     .   f - +2 pair of gloves
MR       .....                  (no boots)
Stlth    +.........             (no amulet)
HPRegen  0.10/turn              (no ring)
MPRegen  0.11/turn              (no ring)

@: slowed, very slow
A: no food or potions, fire vulnerability, cold resistance 1, negative energy
resistance 3, torment resistance, unbreathing
a: no special abilities


You were on level 2 of the Dungeon.
You were not hungry.

You visited 1 branch of the dungeon, and saw 3 of its levels.

You collected 230 gold pieces.

Inventory:

Hand Weapons
 e - a +3 dagger (weapon)
Armour
 f - a +2 pair of gloves (worn)
 h - a +0 leather armour (worn)
Wands
 g - a wand of flame (18)
Scrolls
 b - 2 scrolls of amnesia {unknown}
 c - 4 scrolls of identify {unknown}
 d - a scroll of enchant armour {unknown}


   Skills:
 - Level 1.5 Dodging
 - Level 1.5 Stealth
 - Level 3.0 Spellcasting
 * Level 6.1 Necromancy


You had one spell level left.
You knew the following spells:

 Your Spells              Type           Power        Failure   Level  Hunger
a - Pain                  Necr           ###.         2%          1    N/A
b - Vampiric Draining     Necr           ###.......   6%          3    N/A
c - Animate Dead          Necr           N/A          22%         4    N/A

Your spell library contained the following spells:

 Spells                   Type           Power        Failure   Level  Hunger
 Animate Skeleton         Necr           N/A          2%          1    N/A
 Regeneration             Chrm/Necr      Unusable     N/A         3    N/A

Dungeon Overview and Level Annotations

Branches:
Dungeon (3/15)

Altars:
Elyvilon
Gozag
Qazlal
Sif Muna
Uskayaw


Innate Abilities, Weirdness & Mutations

You do not eat or drink.
Your flesh is vulnerable to fire.
You are immune to poison.
Your flesh is cold resistant. (rC+)
You are immune to negative energy. (rN+++)
You are immune to unholy pain and torment.
You can survive without breathing.


Message History

You kill the orc wizard!
Your Necromancy skill increases to level 6!
You feel life coursing into your body.
The orc wizard hits you but does no damage.
You hit the orc wizard.
The orc wizard is lightly wounded.
The orc wizard closely misses you.
The orc wizard hits you with a +0 dagger.
* * * LOW HITPOINT WARNING * * *
You barely miss the orc wizard.
The orc wizard is lightly wounded.
The orc wizard gestures wildly while chanting.
The orc wizard blinks!
The orc wizard closely misses you.
You barely miss the orc wizard. The orc wizard closely misses you.
The orc wizard casts a spell.
The orc wizard blinks!
The orc wizard gestures at you while chanting.
The magic dart hits you!
You die...

▒∙▒▒▒▒▒∙▒ ▒▒▒▒ ▒∙▒
▒∙▒ ▒∙∙∙ ▒∙▒ ▒∙▒
▒∙▒▒ ▒∙▒ ▒∙▒ ▒∙▒
▒∙▒▒▒▒▒∙▒▒▒▒▒▒▒∙▒▒
▒o∙∙∙∙∙∙∙∙∙∙∙∙∙∙∙∙
▒)▒▒▒▒▒∙▒▒▒∙∙∙∙∙∙∙
▒∙▒ ▒∙▒ ▒∙▒∙∙∙)∙
▒@▒ ▒∙▒ ▒∙▒∙▒∙▒▒
▒∙▒ ▒∙▒ ▒∙∙∙∙∙∙∙
▒∙▒ ▒∙▒▒▒▒▒∙▒∙▒▒
▒∙▒ ▒∙▒∙∙∙▒∙▒∙▒
▒∙▒ ▒∙∙∙∙∙∙∙▒▒▒▒
▒∙▒ ▒▒▒∙▒∙∙∙∙∙∙∙
▒∙▒ ▒∙▒▒▒▒▒▒▒▒
▒∙▒▒▒▒▒▒▒∙▒∙∙∙∙∙∙∙
▒∙∙∙∙∙∙∙∙∙∙∙∙∙∙∙∙∙


You could see an orc wizard.

Vanquished Creatures
  Ijyb (D:3)
  An orc wizard (D:2)
  2 adders
  3 worms
  A dart slug (D:2)
  2 leopard geckos (D:1)
  An orc (D:3)
  A giant cockroach (D:2)
  4 goblins
  8 hobgoblins
  8 kobolds
  A ball python (D:1)
  5 bats
  5 frilled lizards
  3 rats
46 creatures vanquished.

Notes
Turn   | Place    | Note
-------+----------+-------------------------------------------
     0 | D:1      | Cab the Mummy Necromancer began the quest for the Orb.
     0 | D:1      | Reached XP level 1. HP: 13/13 MP: 4/4
   367 | D:1      | Reached XP level 2. HP: 19/19 MP: 3/5
  1254 | D:2      | Reached XP level 3. HP: 24/24 MP: 1/7
  1356 | D:2      | Noticed an air elemental
  1357 | D:2      | Found a stormy altar of Qazlal.
  1359 | D:2      | Noticed an earth elemental
  1364 | D:2      | Noticed a water elemental
  1373 | D:2      | Noticed a fire elemental
  1562 | D:2      | Reached skill level 5 in Necromancy
  1753 | D:2      | Learned a level 3 spell: Vampiric Draining
  2267 | D:3      | Found an opulent altar of Gozag.
  2379 | D:3      | Found a white marble altar of Elyvilon.
  2430 | D:3      | Found a hide-covered altar of Uskayaw.
  2432 | D:3      | Found a shimmering blue altar of Sif Muna.
  2463 | D:3      | Noticed Ijyb
  2475 | D:3      | Killed Ijyb
  2475 | D:3      | Reached XP level 4. HP: 15/30 MP: 0/8
  2499 | D:3      | Learned a level 4 spell: Animate Dead
  2984 | D:2      | Reached skill level 6 in Necromancy
  2992 | D:2      | Killed from afar by an orc wizard

Levels and vault maps discovered:
D:1:      dpeg_arrival_simpleton_b, layout_loops_corners, minmay_misc_feat_cross
D:2:      layout_basic, serial_corexii_hall, corexii_hall_statues_i,
          chequers_hall_statues_y, nicolae_qazlal_style_of_elements
D:3:      layout_rooms, grunt_gozag_breadcrumbs,
          chequers_temple_overflow_statue_of_worship, first_ration,
          elyvilon_altar_3, uniq_ijyb, uniq_jessica

Skill      XL: |  1  2  3  4 |
---------------+-------------+-----
Spellcasting   | 3 |  3.0
Necromancy     | 5 6 |  6.1
Dodging        | |  1.5
Stealth        | |  1.5

Action                   |  1- 3 |  4- 6 || total
-------------------------+-------+-------++-------
Melee: Unarmed           |     2 |       ||     2
       Dagger            |    13 |    13 ||    26
 Cast: Pain              |    96 |    11 ||   107
       Vampiric Draining |       |     2 ||     2
       Animate Dead      |       |     1 ||     1
  Use: Scroll            |     1 |       ||     1
Armor: Robe              |     4 |       ||     4
       Leather armour    |       |     6 ||     6
Dodge: Dodged            |    31 |    15 ||    46
